 Dungeon Crawl Stone Soup version 0.27-a0-1312-g5cdb2b3542 (webtiles) character file.

Game seed: 8035381651561676352

3101 freelancePsychic the Grappler (level 9, -3/80 HPs)
             Began as a Ghoul Fighter on June 20, 2021.
             Was a Believer of Uskayaw.
             Slain by a gnoll shaman (6 damage)
             ... on level 8 of the Dungeon.
             The game lasted 00:14:05 (7784 turns).

freelancePsychic the Grappler (Ghoul Fighter)       Turns: 7784, Time: 00:14:05

Health: -3/80      AC: 11    Str: 22    XL:     9   Next: 90%
Magic:  11/11      EV:  7    Int:  4    God:    Uskayaw [**....]
Gold:   448        SH: 10    Dex:  8    Spells: 8/8 levels left

rFire    + + .     SeeInvis .     - Unarmed
rCold    . . .     Faith    .   b - +0 kite shield
rNeg     + + +     Spirit   .   j - +0 fire dragon scales
rPois    ∞         Reflect  .   (no helmet)
rElec    .         Harm     .   l - +1 cloak
rCorr    .         Rampage  .   (no gloves)
Will     +....                  (no boots)
Stlth    ..........             (no amulet)
HPRegen  0.00/turn              u - ring of willpower
MPRegen  0.12/turn              (no ring)

@: studying Crossbows
A: claws 1, cold resistance 1, negative energy resistance 3, inhibited
regeneration, torment resistance 2
a: Renounce Religion, Stomp, Line Pass


You were on level 8 of the Dungeon.
You worshipped Uskayaw.
Uskayaw was noncommittal.
You visited 2 branches of the dungeon, and saw 9 of its levels.

You collected 448 gold pieces.

Inventory:

Hand Weapons
 a - a +0 hunting sling
Missiles
 i - 74 stones (quivered)
 r - 9 curare-tipped darts
Armour
 b - a +0 kite shield (worn)
 j - +0 fire dragon scales (worn)
 l - a +1 cloak (worn)
Jewellery
 c - a ring of magical power
 u - a ring of willpower (left claw)
Wands
 e - a wand of iceblast (10)
 g - a wand of polymorph (4)
 t - a wand of mindburst (13)
Scrolls
 d - 2 scrolls of amnesia
 h - a scroll of enchant weapon
 k - 2 scrolls of torment
 o - a scroll of vulnerability
 p - a scroll of fear
Potions
 m - a potion of brilliance
 q - a potion of flight
 s - a potion of attraction {unknown}
 v - a potion of resistance {unknown}


   Skills:
 + Level 7.7 Fighting
 - Level 2.6 Armour
 + Level 6.4 Shields
 * Level 10.1 Unarmed Combat
 + Level 4.5 Invocations


You had 8 spell levels left.
You didn't know any spells.
Your spell library contained the following spells:

 Spells                   Type           Power      Damage    Failure   Level
 Magic Dart               Conj           0%         1d3       99%         1
 Shock                    Conj/Air       0%         1d3       99%         1
 Summon Small Mammal      Summ           0%         N/A       99%         1
 Blink                    Tloc           N/A        N/A       100%        2
 Call Imp                 Summ           0%         N/A       100%        2
 Slow                     Hex            0%         N/A       100%        2
 Static Discharge         Conj/Air       0%         N/A       100%        2
 Call Canine Familiar     Summ           0%         N/A       100%        3
 Conjure Flame            Conj/Fire      0%         6-21      100%        3
 Mephitic Cloud           Conj/Pois/Air  0%         N/A       100%        3
 Summon Guardian Golem    Hex/Summ       0%         N/A       100%        3
 Swiftness                Air            0%         N/A       100%        3
 Airstrike                Air            0%         N/A       100%        4
 Summon Ice Beast         Ice/Summ       0%         N/A       100%        4
 Summon Lightning Spire   Summ/Air       0%         N/A       100%        4
 Lightning Bolt           Conj/Air       0%         1d11      100%        5
 Beastly Appendage        Tmut           Unusable   N/A       N/A         1
 Wereblood                Tmut           Unusable   N/A       N/A         2
 Spider Form              Tmut/Pois      Unusable   N/A       N/A         3
 Ice Form                 Ice/Tmut       Unusable   N/A       N/A         4

Dungeon Overview and Level Annotations

Branches:
Dungeon (8/15)             Temple (1/1) D:6
   Lair: D:8-11

Altars:
Ashenzari
Cheibriados
Dithmenos
Elyvilon
Gozag
Hepliaklqana
Kikubaaqudgha
Makhleb
Nemelex Xobeh
Qazlal
Ru
Sif Muna
Trog
Uskayaw
Vehumet
Wu Jian
Xom
Yredelemnul
Zin


Innate Abilities, Weirdness & Mutations

You thrive by killing the living.
You are immune to poison.
You have sharp fingernails.
Your flesh is cold resistant. (rC+)
You are immune to negative energy. (rN+++)
You do not regenerate when monsters are visible.
You are immune to unholy pain and torment.


Message History

You kill the gnoll!
You feel better.
The gnoll shaman hits you with a +0 whip.
* * * LOW HITPOINT WARNING * * *
The gnoll hits you but does no damage.
You completely miss the gnoll. The gnoll shaman completely misses you.
You block the gnoll's attack.
You barely miss the gnoll. You block the gnoll's attack.
The gnoll shaman barely misses you. The gnoll hits you with a +0 flail.
* * * LOW HITPOINT WARNING * * *
You block the gnoll's attack.
You barely miss the gnoll. You block the gnoll's attack.
The gnoll shaman completely misses you. You block the gnoll's attack.
The gnoll hits you but does no damage.
You scratch the gnoll.
The gnoll is heavily wounded.
You block the gnoll's attack. You block the gnoll shaman's attack.
The gnoll hits you but does no damage. x2
You can now pass through a line of other dancers.
You scratch the gnoll but do no damage.
The gnoll is heavily wounded.
You block the gnoll's attack.
The gnoll shaman hits you with a +0 whip.
* * * LOW HITPOINT WARNING * * *
The gnoll hits you but does no damage. You block the gnoll's attack.
You barely miss the gnoll.
The gnoll is heavily wounded.
The gnoll hits you but does no damage.
The gnoll shaman calls down the wrath of its god upon you.
You resist with almost no effort. The gnoll barely misses you.
You block the gnoll's attack.
You mangle the gnoll!!
You kill the gnoll!
The gnoll shaman hits you with a +0 whip.
* * * LOW HITPOINT WARNING * * *
The gnoll closely misses you. You block the gnoll's attack.
You claw the gnoll!
You kill the gnoll!
The gnoll shaman hits you with a +0 whip.
You die...

#### ######### ##
#_@# #.......####.
#_g)g..#.......##...
###..###...........[
.... #........##.#
#..###...........#
.... #...[...##..>
#..# #.......##...
.... #.......##...
####.#####.##


You could see a gnoll shaman and a gnoll.

Vanquished Creatures
  Pikel (D:7)
  A steam dragon (D:6)
  A water moccasin (D:7)
  An ice beast (D:6)
  An orc warrior (D:8)
  3 black bears
  2 ogres
  A centaur (D:7)
  2 kobold brigands (D:7)
  Blork the orc (D:6)
  3 bullfrogs
  3 scorpions
  A howler monkey (D:4)
  7 wights (D:7)
  2 jellies
  A centaur zombie (D:7)
  5 hounds (D:4)
  An orc priest (D:4)
  A centaur skeleton (D:4)
  4 iguanas
  7 orc wizards
  Robin (D:4)
  7 gnolls
  A howler monkey skeleton (D:7)
  3 adders
  4 white imps
  An adder skeleton (D:4)
  3 worms
  4 dart slugs
  21 orcs
  7 ball pythons
  4 endoplasms
  A giant cockroach (D:1)
  15 goblins
  9 hobgoblins
  6 jackals
  A quokka (D:2)
  5 bats
  2 frilled lizards (D:3)
  14 kobolds
  5 rats
163 creatures vanquished.

Vanquished Creatures (others)
  5 plants (D:8)
5 creatures vanquished.

Grand Total: 168 creatures vanquished

Notes
Turn   | Place    | Note
-------+----------+-------------------------------------------
     0 | D:1      | freelancePsychic the Ghoul Fighter began the quest for the
                  | Orb.
     0 | D:1      | Reached XP level 1. HP: 19/19 MP: 0/0
    21 | D:1      | Found a faded altar of an unknown god.
    35 | D:1      | Reached XP level 2. HP: 24/26 MP: 1/1
   462 | D:1      | Reached skill level 3 in Unarmed Combat
   515 | D:1      | Reached XP level 3. HP: 31/31 MP: 2/2
   858 | D:2      | Reached XP level 4. HP: 40/40 MP: 3/3
  1288 | D:3      | Found a shadowy altar of Dithmenos.
  1554 | D:3      | Reached skill level 4 in Unarmed Combat
  1554 | D:3      | Reached XP level 5. HP: 44/46 MP: 4/4
  1993 | D:4      | Noticed an ogre
  2325 | D:4      | Reached skill level 5 in Unarmed Combat
  2325 | D:4      | Reached XP level 6. HP: 53/53 MP: 5/5
  2453 | D:4      | Noticed Robin
  2495 | D:4      | Killed Robin
  2496 | D:4      | Reached skill level 5 in Fighting
  2622 | D:4      | Reached XP level 7. HP: 39/61 MP: 6/6
  3371 | D:4      | Reached skill level 6 in Unarmed Combat
  4471 | D:5      | Entered Level 5 of the Dungeon
  4526 | D:5      | Reached skill level 7 in Unarmed Combat
  4526 | D:5      | Reached XP level 8. HP: 62/70 MP: 7/7
  4623 | D:5      | You fall into a shaft and drop 1 floor!
  4631 | D:6      | Reached skill level 5 in Shields
  4654 | D:6      | Noticed Blork the orc
  4660 | D:6      | Found a staircase to the Ecumenical Temple.
  4666 | D:6      | Killed Blork the orc
  4682 | Temple   | Entered the Ecumenical Temple
  4721 | Temple   | Became a worshipper of Uskayaw the Reveller
  4879 | D:6      | Reached * piety under Uskayaw
  4897 | D:6      | Reached ** piety under Uskayaw
  5033 | D:6      | Reached skill level 1 in Invocations
  5152 | D:6      | Reached skill level 8 in Unarmed Combat
  5434 | D:6      | Reached *** piety under Uskayaw
  5946 | D:7      | Reached XP level 9. HP: 78/78 MP: 9/9
  5980 | D:7      | Reached **** piety under Uskayaw
  5986 | D:7      | Reached skill level 9 in Unarmed Combat
  5988 | D:7      | Reached ***** piety under Uskayaw
  7164 | D:8      | Noticed Pikel
  7206 | D:7      | Killed Pikel
  7465 | D:8      | Noticed a two-headed ogre
  7469 | D:8      | Noticed a death knight
  7736 | D:8      | Reached skill level 10 in Unarmed Combat
  7740 | D:8      | Noticed a skeletal warrior
  7769 | D:8      | HP: 1/80 [skeletal warrior (25)]
  7771 | D:8      | Noticed a death yak
  7771 | D:8      | Noticed a death yak
  7773 | D:8      | Noticed a death yak
  7775 | D:8      | Found a stormy altar of Qazlal.
  7775 | D:8      | Found a basalt altar of Yredelemnul.
  7783 | D:8      | HP: 3/80 [gnoll shaman (3)]
  7784 | D:8      | Slain by a gnoll shaman

Illustrated notes

Levels and vault maps discovered:
D:1:      dpeg_arrival_simpleton_c, layout_rooms,
          hellmonk_ecumenical_altar_pennies_from_heaven
D:2:      layout_rooms
D:3:      layout_basic, grunt_dithmenos_smoke_and_mirrors, minmay_liquid_box
D:4:      layout_cave_pods, chequers_serial_rivers_micro_a,
          kennysheep_nondescript, uniq_robin
D:5:      layout_loops_ring, uniq_ijyb, uniq_menkaure
D:6:      layout_loops_corners, minmay_temple_entry_arrows, uniq_blork_the_orc
D:7:      layout_loops_cross
D:8:      nzn_winding_woodlands_cross [nzn_winding_woodlands_5x15_pockets,
          nzn_winding_woodlands_5x15_parted, nzn_winding_woodlands_5x15_garden,
          nzn_winding_woodlands_5x15_pathside_ponds,
          nzn_winding_woodlands_15x15_killbox], layout_rooms, minitemple,
          dpeg_lair_monsters, uniq_pikel
Temple:   lightli_temple_of_artemis

Skill      XL: |  1  2  3  4  5  6  7  8  9 |
---------------+----------------------------+-----
Unarmed Combat | 3 4 5 7 8 10 | 10.1
Shields        | 3 4 5 6 |  6.4
Fighting       | 4 5 6 7 |  7.7
Invocations    | 2 4 |  4.5
Armour         | |  2.6

Action                   |  1- 3 |  4- 6 |  7- 9 || total
-------------------------+-------+-------+-------++-------
Melee: Unarmed           |   113 |   210 |   363 ||   686
 Fire: Hunting sling     |       |       |    47 ||    47
Evoke: Wand              |       |       |     3 ||     3
  Use: Scroll            |       |     4 |     9 ||    13
       Potion            |       |       |     4 ||     4
 Stab: Paralysed         |       |       |     7 ||     7
       Invisible         |       |       |     2 ||     2
Armor: Scale mail        |    73 |       |       ||    73
       Chain mail        |     6 |    43 |       ||    49
       Fire dragon scale |       |    75 |   192 ||   267
Dodge: Dodged            |    53 |    59 |   108 ||   220
Block: Kite shield       |    76 |   100 |   216 ||   392

Table legend: (Time is in decaauts)
 A = Elapsed time spent in this place.
 B = Non-inter-level travel time spent in this place.
 C = Inter-level travel time spent in this place.
 D = Time resting spent in this place.
 E = Time spent auto-exploring this place.
 F = Levels seen in this place.
 G = Mean time per level.
                   A        B        C        D        E       F      G
               +--------+--------+--------+--------+--------+-----+--------+
         Total |   7863 |   7557 |    306 |    645 |   5352 |   9 |  873.7 |
       Dungeon |   7725 |   7433 |    292 |    645 |   5263 |   8 |  965.6 |
        Temple |    137 |    123 |     14 |      0 |     89 |   1 |  137.0 |
               +--------+--------+--------+--------+--------+-----+--------+

Top non-repeatable levels by time:
     D:4: 1905 daAuts
     D:7: 1537 daAuts
     D:6: 1352 daAuts
     D:3: 1331 daAuts
     D:1: 818 daAuts
     D:2: 500 daAuts
     D:8: 156 daAuts
  Temple: 137 daAuts
     D:5: 124 daAuts
